Sewer Rats vs National
(R1)
Created - 18 janvier 2015 at 23:58
Goals
|
| Sewer Rats |
0 |
3 |
3 |
6 |
| National |
2 |
2 |
3 |
7 |
|
Shots
|
| Sewer Rats |
10 |
7 |
19 |
36 |
| National |
5 |
20 |
13 |
38 |
|
1st period
1. National , Magnus Paajarvi-Svensson 7 (Chris Mueller, Igor Makarov) at 6:10
2. National , Jonathan Cheechoo 24 (Pasi Salonen, Ty Wishart) at 13:32
Penalties :
Ville Leino (Tol) for Interference (Minor) at 13:55
2nd period
3. Sewer Rats , Steven Reinprecht 19 (Tim Ramholt) at 6:47
4. National , Rico Fata 22 (William Colbert, Mikael Backlund) at 6:53
5. Sewer Rats , Derek Dorsett 16 (Patrick Bordeleau) at 12:16
6. Sewer Rats , Tim Ramholt 2 (Brandon Sutter) at 15:03 (PP)
7. National , Mikael Backlund 25 (Ty Wishart, Philip Larsen) at 16:20
Penalties :
Jhonas Enroth (Tol) for Slashing (Minor) at 7:05 - Tim Ramholt served the penalty, Dustin Kohn (Que) for Goalie Interference (Minor) at 14:48
3rd period
8. Sewer Rats , John-Michael Liles 5 (Brandon Sutter, Jhonas Enroth) at 3:57 (PP)
9. National , Pasi Salonen 19 (Mikael Backlund, William Colbert) at 5:24
10. National , Chris Mueller 6 (Igor Makarov) at 9:21
11. National , David Desharnais 16 (Philip Larsen, Johannes Salmonsson) at 9:57
12. Sewer Rats , Steven Reinprecht 20 (Ville Leino) at 15:34
13. Sewer Rats , Lars Eller 12 (Jordan Caron) at 18:35
Penalties :
William Colbert (Que) for Hooking (Minor) at 2:56, Philip Larsen (Que) for Slashing (Minor) at 4:33, Ville Leino (Tol) for Tripping (Minor) at 4:53, Jonathan Paiement (Tol) for Hooking (Minor) at 7:11, Steven Reinprecht (Tol) for Hooking (Minor) at 11:29, Pat Dwyer (Que) for High sticking (Minor) at 16:25
Goalie Stats
Semyon Varlamov (Tol), 8 saves from 9 shots - (0,889), L, 16-9-2, 10:00 minutes
Jhonas Enroth (Tol), 23 saves from 29 shots - (0,793), 49:21 minutes
Keith Kinkaid (Que), 30 saves from 36 shots - (0,833), W, 16-11-4, 60:00 minutes
Players Stats for Sewer Rats
Player Name G A P +/- PIM S H SB GA TA FO MP PP MP PK MP
------------------------------------------------------------------------------------
Brandon Sutter 0 2 2 -2 0 0 0 2 0 0 12/22 16:10 1:36 1:32
Derek Dorsett 1 0 1 0 0 2 0 0 0 0 0/0 9:48 0:23 0:00
John Erskine 0 0 0 -2 0 0 1 3 1 0 0/0 13:40 0:00 1:52
John Lammers 0 0 0 -1 0 0 2 0 1 1 0/0 8:16 0:00 2:25
John-Michael Liles 1 0 1 -3 0 7 0 3 0 1 0/0 27:45 2:43 4:50
Jonathan Paiement 0 0 0 2 2 0 0 0 0 0 0/0 12:24 0:15 1:55
Jordan Caron 0 1 1 -1 0 0 0 0 0 0 0/0 5:42 0:00 0:00
Kyle Quincey 0 0 0 -3 0 1 3 3 0 0 0/0 19:55 0:52 3:51
Kyle Turris 0 0 0 1 0 1 2 1 0 0 2/7 9:40 0:05 0:11
Lars Eller 1 0 1 -1 0 2 0 0 0 0 1/1 5:42 0:00 0:00
Mark Mancari 0 0 0 0 0 3 2 0 1 0 0/0 20:13 1:54 1:29
Mattias Ekholm 0 0 0 -1 0 0 0 0 0 0 0/0 4:32 0:00 1:06
Nick Palmieri 0 0 0 -2 0 1 0 0 1 0 1/3 14:33 1:36 0:00
Patrick Bordeleau 0 1 1 1 0 0 2 0 1 0 0/4 13:59 0:00 3:07
Steven Kampfer 0 0 0 3 0 1 0 0 0 0 0/0 12:50 0:37 0:00
Steven Reinprecht 2 0 2 -1 2 11 5 0 2 0 22/36 25:43 1:54 3:08
Tim Ramholt 1 1 2 -3 0 1 5 3 0 0 0/0 29:08 2:43 2:58
Ville Leino 0 1 1 1 4 3 1 0 0 0 0/1 23:55 1:40 3:11
Vojtech Polak 0 0 0 -2 0 3 0 0 0 1 0/0 16:06 1:36 1:29
Players Stats for National
Player Name G A P +/- PIM S H SB GA TA FO MP PP MP PK MP
------------------------------------------------------------------------------------
Cédric Lalonde-McNicoll 0 0 0 -2 0 1 2 0 0 0 7/12 16:09 3:38 0:00
Chris Mueller 1 1 2 1 0 1 0 0 0 0 0/1 5:50 0:03 0:00
David Desharnais 1 0 1 1 0 5 1 0 0 0 3/8 13:24 0:02 0:14
Denis Bodrov 0 0 0 1 0 0 1 0 0 0 0/0 9:58 0:44 0:00
Dustin Kohn 0 0 0 0 2 1 4 2 0 1 0/0 27:06 4:09 2:22
Guillaume Desbiens 0 0 0 1 0 6 2 0 2 1 1/1 23:04 4:36 0:47
Igor Makarov 0 2 2 2 0 1 2 0 0 1 0/0 5:42 0:00 0:00
Janne Niskala 0 0 0 0 0 0 0 1 0 0 0/0 0:10 0:00 0:00
Johannes Salmonsson 0 1 1 -1 0 2 0 1 0 0 1/1 11:48 0:45 0:00
Jonathan Cheechoo 1 0 1 -2 0 4 0 0 0 0 0/1 16:56 3:38 0:47
Magnus Paajarvi-Svensson 1 0 1 2 0 2 0 0 0 0 0/0 7:06 0:00 0:29
Mikael Backlund 1 2 3 3 0 3 4 0 1 0 21/45 25:51 4:11 2:34
Pasi Salonen 1 1 2 0 0 1 1 0 0 1 0/1 19:57 3:19 2:34
Pat Dwyer 0 0 0 0 2 3 2 0 0 0 1/1 10:48 0:00 0:00
Philip Larsen 0 2 2 3 2 2 3 1 0 1 0/0 29:32 4:39 0:58
Rico Fata 1 0 1 2 0 3 0 0 0 1 2/3 22:04 4:36 0:00
Ty Wishart 0 2 2 3 0 0 2 0 0 1 0/0 21:01 2:08 1:59
William Colbert 0 2 2 0 2 3 4 0 0 0 0/0 28:16 4:52 1:36
3 Stars
1 - Mikael Backlund (Que)
2 - Ty Wishart (Que)
3 - Steven Reinprecht (Tol)
Power Play
Sewer Rats - 2 on 4 Attempt(s) - 50,00%
National - 0 on 5 Attempt(s) - 0,00%
Penalty Kill
Sewer Rats - 5 on 5 Attempt(s) - 100,00%
- Score 0 goal in Penalty Kill
National - 2 on 4 Attempt(s) - 50,00%
- Score 0 goal in Penalty Kill
Team Stat
Sewer Rats - Hits : 23 - Faceoff Wins : 38 - Blocked Shots : 15 - Penalty Minutes : 8
National - Hits : 28 - Faceoff Wins : 36 - Blocked Shots : 5 - Penalty Minutes : 8
Official
Referees : Banfield David and Morton Dean
Linesman : Derek Amell and Brad Kovachik
Game Notes
Janne Niskala is injured at 0:09 of 1st period (Groin)
Denis Bodrov is injured at 6:14 of 2nd period (Lower Body)
John Erskine is injured at 18:14 of 2nd period (Broken Left Index Finger)
Semyon Varlamov enters game at 9:21 of 3rd period
Finance
Level 1 -- Attendance: 1482 (74,10%) -- Ticket Income 37 050 $
Level 2 -- Attendance: 778 (77,80%) -- Ticket Income 11 670 $
Total Attendance: 2260 (75,33%)
Total Ticket Income: 48 720 $
Other Income: 2 436 $
Total Income: 51 156 $
Sewer Rats
5 vs 5 Forward
Center Left Wing Right Wing Time % Phy DF OF
1 Steven Reinprecht Ville Leino Mark Mancari 40 1 2 2
2 Brandon Sutter Vojtech Polak Nick Palmieri 30 1 2 2
3 Kyle Turris Patrick Bordeleau Derek Dorsett 20 1 2 2
4 Lars Eller John Lammers Jordan Caron 10 1 2 2
5 vs 5 Defense
Defense Defense Time % Phy DF OF
1 Tim Ramholt John-Michael Liles 40 1 2 2
2 John Erskine Kyle Quincey 30 1 2 2
3 Steven Kampfer Jonathan Paiement 20 1 2 2
4 Mattias Ekholm Tim Ramholt 10 1 2 2
PowerPlay Forward
Center Left Wing Right Wing Time % Phy DF OF
1 Steven Reinprecht Ville Leino Mark Mancari 60 1 2 2
2 Brandon Sutter Vojtech Polak Nick Palmieri 40 1 2 2
PowerPlay Defense
Defense Defense Time % Phy DF OF
1 Tim Ramholt John-Michael Liles 60 1 2 2
2 John Erskine Kyle Quincey 40 1 2 2
Penalty Kill 4 Players Forward
Center Wing Time % Phy DF OF
1 Steven Reinprecht Ville Leino 60 1 2 2
2 Vojtech Polak Mark Mancari 40 1 2 2
Penalty Kill 4 Players Defense
Defense Defense Time % Phy DF OF
1 Tim Ramholt John-Michael Liles 60 1 2 2
2 John Erskine Kyle Quincey 40 1 2 2
Penalty Kill - 3 Players Forward
Forward Time % Phy DF OF
1 Steven Reinprecht 60 1 2 2
2 Ville Leino 40 1 2 2
Penalty Kill - 3 Players Defense
Defense Defense Time % Phy DF OF
1 Tim Ramholt John-Michael Liles 60 1 2 2
2 John Erskine Kyle Quincey 40 1 2 2
4 vs 4 Forward
Center Wing Time % Phy DF OF
1 Steven Reinprecht Ville Leino 60 1 2 2
2 Vojtech Polak Mark Mancari 40 1 2 2
4 vs 4 Defense
Defense Defense Time % Phy DF OF
1 Tim Ramholt John-Michael Liles 60 1 2 2
2 John Erskine Kyle Quincey 40 1 2 2
Last Minutes Offensive
Center Left Wing Right Wing Defense Defense
Steven Reinprecht Ville Leino Mark Mancari Tim Ramholt John-Michael Liles
Last Minutes Defensive
Center Left Wing Right Wing Defense Defense
Steven Reinprecht Ville Leino Mark Mancari Tim Ramholt John-Michael Liles
Goaltenders
Starting : Jhonas Enroth
Backup : Semyon Varlamov
Extra Forwards
Normal : Derek Dorsett, Kyle Turris, Patrick Bordeleau - PP : Derek Dorsett, Kyle Turris - PK : Patrick Bordeleau
Extra Defensemen
Normal : Steven Kampfer, Jonathan Paiement, Mattias Ekholm - PP : Steven Kampfer - PK : Jonathan Paiement, Mattias Ekholm
Penalty Shots
Steven Reinprecht, Ville Leino, Vojtech Polak, Mark Mancari, Brandon Sutter
National
5 vs 5 Forward
Center Left Wing Right Wing Time % Phy DF OF
1 Mikael Backlund Rico Fata Guillaume Desbiens 40 0 2 3
2 Cédric Lalonde-McNicoll Pasi Salonen Jonathan Cheechoo 30 0 2 3
3 David Desharnais Johannes Salmonsson Pat Dwyer 20 1 2 2
4 Chris Mueller Magnus Paajarvi-Svensson Igor Makarov 10 1 2 2
5 vs 5 Defense
Defense Defense Time % Phy DF OF
1 Janne Niskala William Colbert 40 1 2 2
2 Dustin Kohn Denis Bodrov 30 1 2 2
3 Philip Larsen Ty Wishart 20 1 2 2
4 Janne Niskala William Colbert 10 1 2 2
PowerPlay Forward
Center Left Wing Right Wing Time % Phy DF OF
1 Mikael Backlund Rico Fata Guillaume Desbiens 60 0 1 4
2 Cédric Lalonde-McNicoll Pasi Salonen Jonathan Cheechoo 40 0 1 4
PowerPlay Defense
Defense Defense Time % Phy DF OF
1 Janne Niskala William Colbert 60 0 2 3
2 Dustin Kohn Denis Bodrov 40 0 2 3
Penalty Kill 4 Players Forward
Center Wing Time % Phy DF OF
1 Mikael Backlund Pasi Salonen 60 1 2 2
2 Guillaume Desbiens Jonathan Cheechoo 40 1 2 2
Penalty Kill 4 Players Defense
Defense Defense Time % Phy DF OF
1 Janne Niskala William Colbert 60 1 2 2
2 Dustin Kohn Denis Bodrov 40 1 2 2
Penalty Kill - 3 Players Forward
Forward Time % Phy DF OF
1 Mikael Backlund 60 1 2 2
2 Pasi Salonen 40 1 2 2
Penalty Kill - 3 Players Defense
Defense Defense Time % Phy DF OF
1 Janne Niskala William Colbert 60 1 2 2
2 Dustin Kohn Denis Bodrov 40 1 2 2
4 vs 4 Forward
Center Wing Time % Phy DF OF
1 Mikael Backlund Pasi Salonen 60 0 2 3
2 Cédric Lalonde-McNicoll Jonathan Cheechoo 40 0 2 3
4 vs 4 Defense
Defense Defense Time % Phy DF OF
1 Janne Niskala William Colbert 60 1 2 2
2 Dustin Kohn Denis Bodrov 40 1 2 2
Last Minutes Offensive
Center Left Wing Right Wing Defense Defense
Mikael Backlund Rico Fata Guillaume Desbiens Janne Niskala William Colbert
Last Minutes Defensive
Center Left Wing Right Wing Defense Defense
Mikael Backlund Rico Fata Guillaume Desbiens Janne Niskala William Colbert
Goaltenders
Starting : Keith Kinkaid
Backup : Tyler Plante
Extra Forwards
Normal : Johannes Salmonsson, Chris Mueller, Pat Dwyer - PP : Johannes Salmonsson, Chris Mueller - PK : Pat Dwyer
Extra Defensemen
Normal : Philip Larsen, William Colbert, Dustin Kohn - PP : Philip Larsen - PK : William Colbert, Dustin Kohn
Penalty Shots
Rico Fata, Pasi Salonen, Guillaume Desbiens, Jonathan Cheechoo, Mikael Backlund
% Time on Ice - Sewer Rats
Lines # - Real PCT - Wanted PCT - Time Play
Normal Forward
1 - 40% - 40% - 18:12
2 - 29% - 30% - 13:01
3 - 19% - 20% - 8:31
4 - 13% - 10% - 5:42
Normal Defense
1 - 38% - 40% - 17:22
2 - 33% - 30% - 15:12
3 - 21% - 20% - 9:30
4 - 7% - 10% - 3:22
PP Forward
1 - 55% - 60% - 1:59
2 - 45% - 40% - 1:36
PP Defense
1 - 76% - 60% - 2:43
2 - 24% - 40% - 0:52
PK Forward
1 - 82% - 60% - 6:47
2 - 18% - 40% - 1:29
PK Defense
1 - 53% - 60% - 4:25
2 - 47% - 40% - 3:51
PK3 Forward
1 - 0% - 60%
2 - 0% - 40%
PK3 Defense
1 - 0% - 60%
2 - 0% - 40%
44 Forward
1 - 100% - 60% - 1:39
2 - 0% - 40% - 0:00
44 Defense
1 - 100% - 60% - 1:39
2 - 0% - 40% - 0:00
Last Minute Offensive - 1:04
Last Minute Defensive - 0:00
Total
Forward - 60:00
Defense - 60:00
|
% Time on Ice - National
Lines # - Real PCT - Wanted PCT - Time Play
Normal Forward
1 - 36% - 40% - 16:28
2 - 28% - 30% - 12:31
3 - 24% - 20% - 10:44
4 - 13% - 10% - 5:42
Normal Defense
1 - 43% - 40% - 19:25
2 - 31% - 30% - 14:18
3 - 20% - 20% - 9:04
4 - 6% - 10% - 2:38
PP Forward
1 - 56% - 60% - 4:38
2 - 44% - 40% - 3:38
PP Defense
1 - 53% - 60% - 4:23
2 - 47% - 40% - 3:53
PK Forward
1 - 78% - 60% - 2:48
2 - 22% - 40% - 0:47
PK Defense
1 - 93% - 60% - 3:21
2 - 7% - 40% - 0:14
PK3 Forward
1 - 0% - 60%
2 - 0% - 40%
PK3 Defense
1 - 0% - 60%
2 - 0% - 40%
44 Forward
1 - 100% - 60% - 1:39
2 - 0% - 40% - 0:00
44 Defense
1 - 100% - 60% - 1:39
2 - 0% - 40% - 0:00
Last Minute Offensive - 0:00
Last Minute Defensive - 1:05
Total
Forward - 60:00
Defense - 60:00
|
Play by Play
1st period
0:01 of 1st period - Steven Reinprecht wins face-off versus Rico Fata in neutral zone.
0:07 of 1st period - Wrist shot by Steven Reinprecht.
0:07 of 1st period - Stopped by Keith Kinkaid with a rebound.
0:09 of 1st period - Slapshot by John-Michael Liles.
0:09 of 1st period - Shot Blocked by Janne Niskala.
0:09 of 1st period - Janne Niskala from National is injured at 0:09 of 1st period (Groin).
0:10 of 1st period - Brandon Sutter wins face-off versus Cédric Lalonde-McNicoll in National zone.
0:24 of 1st period - Wrist shot by Nick Palmieri.
0:24 of 1st period - Shot Blocked by Dustin Kohn.
1:59 of 1st period - Steven Kampfer is hit by Philip Larsen and loses puck.
2:10 of 1st period - Ty Wishart is hit by Steven Reinprecht and loses puck.
2:17 of 1st period - Mark Mancari is hit by Pat Dwyer and loses puck.
3:32 of 1st period - Backhand shot by Steven Reinprecht.
3:32 of 1st period - Stopped by Keith Kinkaid without a rebound.
3:33 of 1st period - Steven Reinprecht wins face-off versus David Desharnais in National zone.
3:57 of 1st period - Johannes Salmonsson is hit by Ville Leino and loses puck.
4:24 of 1st period - Snap shot by Mark Mancari.
4:24 of 1st period - Stopped by Keith Kinkaid with a rebound.
4:41 of 1st period - Icing by Ville Leino.
4:42 of 1st period - Steven Reinprecht wins face-off versus Mikael Backlund in Sewer Rats zone.
4:42 of 1st period - Steven Reinprecht is hit by Mikael Backlund.
4:56 of 1st period - Tim Ramholt is hit by Mikael Backlund.
4:57 of 1st period - Icing by Tim Ramholt.
4:58 of 1st period - Steven Reinprecht wins face-off versus Cédric Lalonde-McNicoll in Sewer Rats zone.
4:58 of 1st period - Steven Reinprecht is hit by Denis Bodrov.
5:18 of 1st period - Wrist shot by Ville Leino.
5:18 of 1st period - Stopped by Keith Kinkaid without a rebound.
5:19 of 1st period - Guillaume Desbiens wins face-off versus Brandon Sutter in National zone.
6:10 of 1st period - Snap shot by Chris Mueller.
6:10 of 1st period - Deflect By Magnus Paajarvi-Svensson.
6:10 of 1st period - Goal by Magnus Paajarvi-Svensson - Sewer Rats : 0 - National : 1.
6:11 of 1st period - Mikael Backlund wins face-off versus Brandon Sutter in neutral zone.
7:36 of 1st period - Icing by Dustin Kohn.
7:37 of 1st period - Brandon Sutter wins face-off versus David Desharnais in National zone.
8:32 of 1st period - Wrist shot by Cédric Lalonde-McNicoll.
8:32 of 1st period - Deflect By Jonathan Cheechoo.
8:32 of 1st period - Stopped by Jhonas Enroth with a rebound.
8:34 of 1st period - Wrist shot by Dustin Kohn.
8:34 of 1st period - Shot Blocked by John-Michael Liles.
9:28 of 1st period - Ty Wishart is hit by Patrick Bordeleau and loses puck.
10:13 of 1st period - John Erskine is hit by David Desharnais and loses puck.
10:38 of 1st period - Slapshot by Steven Reinprecht.
10:38 of 1st period - Stopped by Keith Kinkaid with a rebound.
10:54 of 1st period - Slapshot by John-Michael Liles.
10:54 of 1st period - Stopped by Keith Kinkaid without a rebound.
10:55 of 1st period - Lars Eller wins face-off versus Mikael Backlund in National zone.
10:56 of 1st period - Slapshot by John-Michael Liles.
10:56 of 1st period - Stopped by Keith Kinkaid without a rebound.
10:57 of 1st period - Mikael Backlund wins face-off versus Brandon Sutter in National zone.
11:42 of 1st period - Off-side.
11:43 of 1st period - Kyle Turris wins face-off versus Cédric Lalonde-McNicoll in neutral zone.
12:10 of 1st period - Slapshot by Vojtech Polak.
12:10 of 1st period - Stopped by Keith Kinkaid with a rebound.
12:12 of 1st period - Snap shot by Vojtech Polak.
12:12 of 1st period - Shot Misses the Net.
12:14 of 1st period - Snap shot by Steven Kampfer.
12:14 of 1st period - Stopped by Keith Kinkaid with a rebound.
12:58 of 1st period - Off-side.
12:59 of 1st period - Steven Reinprecht wins face-off versus David Desharnais in neutral zone.
13:32 of 1st period - Snap shot by Jonathan Cheechoo.
13:32 of 1st period - Goal by Jonathan Cheechoo - Sewer Rats : 0 - National : 2.
13:33 of 1st period - Steven Reinprecht wins face-off versus Mikael Backlund in neutral zone.
13:55 of 1st period - Minor Penalty to Ville Leino for Interference.
13:56 of 1st period - Mikael Backlund wins face-off versus Steven Reinprecht in Sewer Rats zone.
14:06 of 1st period - Snap shot by Mikael Backlund.
14:06 of 1st period - Shot Blocked by John-Michael Liles.
14:08 of 1st period - Slapshot by Rico Fata.
14:08 of 1st period - Shot Hit the Post.
14:10 of 1st period - Wrist shot by Mikael Backlund.
14:10 of 1st period - Shot Misses the Net.
14:32 of 1st period - Off-side.
14:33 of 1st period - Brandon Sutter wins face-off versus Mikael Backlund in neutral zone.
14:58 of 1st period - Jonathan Cheechoo is hit by Kyle Quincey and loses puck.
15:17 of 1st period - Mikael Backlund is hit by Steven Reinprecht.
15:55 of 1st period - Penalty to Ville Leino is over, Ville Leino is back on ice.
16:47 of 1st period - Snap shot by Guillaume Desbiens.
16:47 of 1st period - Stopped by Jhonas Enroth with a rebound.
17:36 of 1st period - Lars Eller is hit by Pat Dwyer and loses puck.
17:49 of 1st period - John-Michael Liles is hit by Mikael Backlund and loses puck.
18:13 of 1st period - Wrist shot by Lars Eller.
18:13 of 1st period - Shot Misses the Net.
18:19 of 1st period - Wrist shot by Lars Eller.
18:19 of 1st period - Stopped by Keith Kinkaid without a rebound.
18:20 of 1st period - Mikael Backlund wins face-off versus Steven Reinprecht in National zone.
18:20 of 1st period - Mikael Backlund is hit by John Erskine.
18:26 of 1st period - Slapshot by William Colbert.
18:26 of 1st period - Stopped by Jhonas Enroth without a rebound.
18:27 of 1st period - Rico Fata wins face-off versus Steven Reinprecht in Sewer Rats zone.
18:48 of 1st period - John Erskine is hit by Dustin Kohn and loses puck.
19:31 of 1st period - Snap shot by Mikael Backlund.
19:31 of 1st period - Shot Blocked by Tim Ramholt.
Goals for this period are 0 for Sewer Rats vs 2 for National.
Shots for this period are 10 for Sewer Rats vs 5 for National.
2nd period
0:01 of 2nd period - Cédric Lalonde-McNicoll wins face-off versus Brandon Sutter in neutral zone.
0:33 of 2nd period - Off-side.
0:34 of 2nd period - Mikael Backlund wins face-off versus Kyle Turris in neutral zone.
0:43 of 2nd period - Wrist shot by Rico Fata.
0:43 of 2nd period - Stopped by Jhonas Enroth without a rebound.
0:44 of 2nd period - Brandon Sutter wins face-off versus Pasi Salonen in Sewer Rats zone.
1:26 of 2nd period - Icing by John Erskine.
1:27 of 2nd period - David Desharnais wins face-off versus Kyle Turris in Sewer Rats zone.
1:28 of 2nd period - Slapshot by William Colbert.
1:28 of 2nd period - Shot Blocked by Kyle Quincey.
1:36 of 2nd period - Snap shot by Pat Dwyer.
1:36 of 2nd period - Shot Blocked by Kyle Quincey.
1:52 of 2nd period - Snap shot by Mikael Backlund.
1:52 of 2nd period - Deflect By Rico Fata.
1:52 of 2nd period - Shot Misses the Net.
1:52 of 2nd period - Puck is out of play.
1:53 of 2nd period - Mikael Backlund wins face-off versus Brandon Sutter in Sewer Rats zone.
1:54 of 2nd period - Wrist shot by Guillaume Desbiens.
1:54 of 2nd period - Shot Misses the Net.
1:56 of 2nd period - Snap shot by Mikael Backlund.
1:56 of 2nd period - Deflect By Guillaume Desbiens.
1:56 of 2nd period - Shot Blocked by Brandon Sutter.
1:56 of 2nd period - Puck is out of play.
1:57 of 2nd period - Brandon Sutter wins face-off versus Mikael Backlund in Sewer Rats zone.
2:22 of 2nd period - Cédric Lalonde-McNicoll is hit by Steven Reinprecht and loses puck.
2:27 of 2nd period - Slapshot by Steven Reinprecht.
2:27 of 2nd period - Stopped by Keith Kinkaid with a rebound.
2:29 of 2nd period - Snap shot by Steven Reinprecht.
2:29 of 2nd period - Shot Misses the Net.
2:43 of 2nd period - Slapshot by Dustin Kohn.
2:43 of 2nd period - Shot Misses the Net.
2:45 of 2nd period - Wrist shot by David Desharnais.
2:45 of 2nd period - Shot Misses the Net.
2:47 of 2nd period - Slapshot by David Desharnais.
2:47 of 2nd period - Stopped by Jhonas Enroth with a rebound.
2:49 of 2nd period - Wrist shot by Pat Dwyer.
2:49 of 2nd period - Stopped by Jhonas Enroth without a rebound.
2:50 of 2nd period - Brandon Sutter wins face-off versus Mikael Backlund in Sewer Rats zone.
3:19 of 2nd period - Wrist shot by Jonathan Cheechoo.
3:19 of 2nd period - Stopped by Jhonas Enroth without a rebound.
3:20 of 2nd period - Cédric Lalonde-McNicoll wins face-off versus Steven Reinprecht in Sewer Rats zone.
3:23 of 2nd period - Slapshot by Jonathan Cheechoo.
3:23 of 2nd period - Shot Misses the Net.
3:51 of 2nd period - Icing by William Colbert.
3:52 of 2nd period - Brandon Sutter wins face-off versus Cédric Lalonde-McNicoll in National zone.
3:52 of 2nd period - Brandon Sutter is hit by Cédric Lalonde-McNicoll.
4:10 of 2nd period - Slapshot by William Colbert.
4:10 of 2nd period - Stopped by Jhonas Enroth with a rebound.
4:18 of 2nd period - Snap shot by Jonathan Cheechoo.
4:18 of 2nd period - Stopped by Jhonas Enroth with a rebound.
4:22 of 2nd period - Snap shot by Cédric Lalonde-McNicoll.
4:22 of 2nd period - Stopped by Jhonas Enroth without a rebound.
4:23 of 2nd period - Mikael Backlund wins face-off versus Steven Reinprecht in Sewer Rats zone.
4:42 of 2nd period - Steven Reinprecht is hit by Ty Wishart and loses puck.
4:55 of 2nd period - Slapshot by Kyle Quincey.
4:55 of 2nd period - Deflect By Kyle Turris.
4:55 of 2nd period - Shot Misses the Net.
4:55 of 2nd period - Puck is out of play.
4:56 of 2nd period - Pat Dwyer wins face-off versus Kyle Turris in National zone.
4:56 of 2nd period - Pat Dwyer is hit by Patrick Bordeleau.
5:04 of 2nd period - Snap shot by Pat Dwyer.
5:04 of 2nd period - Shot Blocked by John Erskine.
5:06 of 2nd period - Wrist shot by Johannes Salmonsson.
5:06 of 2nd period - Shot Blocked by Kyle Quincey.
5:08 of 2nd period - Snap shot by Pat Dwyer.
5:08 of 2nd period - Shot Misses the Net.
5:10 of 2nd period - Wrist shot by Pat Dwyer.
5:10 of 2nd period - Shot Misses the Net.
5:51 of 2nd period - Tim Ramholt is hit by William Colbert and loses puck.
6:00 of 2nd period - Steven Reinprecht is hit by William Colbert and loses puck.
6:13 of 2nd period - Denis Bodrov is hit by John Lammers and loses puck.
6:14 of 2nd period - Denis Bodrov from National is injured at 6:14 of 2nd period (Lower Body).
6:15 of 2nd period - Mikael Backlund wins face-off versus Brandon Sutter in National zone.
6:15 of 2nd period - Mikael Backlund is hit by Tim Ramholt.
6:29 of 2nd period - Snap shot by Nick Palmieri.
6:29 of 2nd period - Stopped by Keith Kinkaid with a rebound.
6:31 of 2nd period - Slapshot by John-Michael Liles.
6:31 of 2nd period - Stopped by Keith Kinkaid without a rebound.
6:32 of 2nd period - Cédric Lalonde-McNicoll wins face-off versus Steven Reinprecht in National zone.
6:47 of 2nd period - Snap shot by Steven Reinprecht.
6:47 of 2nd period - Goal by Steven Reinprecht - Sewer Rats : 1 - National : 2.
6:48 of 2nd period - Mikael Backlund wins face-off versus Brandon Sutter in neutral zone.
6:53 of 2nd period - Slapshot by William Colbert.
6:53 of 2nd period - Deflect By Rico Fata.
6:53 of 2nd period - Goal by Rico Fata - Sewer Rats : 1 - National : 3.
6:54 of 2nd period - Mikael Backlund wins face-off versus Brandon Sutter in neutral zone.
6:59 of 2nd period - Wrist shot by Mikael Backlund.
6:59 of 2nd period - Shot Blocked by Tim Ramholt.
7:03 of 2nd period - Snap shot by Mikael Backlund.
7:03 of 2nd period - Shot Misses the Net.
7:05 of 2nd period - Wrist shot by Guillaume Desbiens.
7:05 of 2nd period - Stopped by Jhonas Enroth without a rebound.
7:05 of 2nd period - Minor Penalty to Jhonas Enroth for Slashing.
7:06 of 2nd period - Mikael Backlund wins face-off versus Ville Leino in Sewer Rats zone.
7:07 of 2nd period - Slapshot by Guillaume Desbiens.
7:07 of 2nd period - Stopped by Jhonas Enroth with a rebound.
8:23 of 2nd period - Cédric Lalonde-McNicoll is hit by Mark Mancari and loses puck.
9:05 of 2nd period - Penalty to Tim Ramholt is over, Tim Ramholt is back on ice.
9:20 of 2nd period - Snap shot by Kyle Turris.
9:20 of 2nd period - Shot Misses the Net.
9:30 of 2nd period - Philip Larsen is hit by John Lammers and loses puck.
9:47 of 2nd period - Philip Larsen is hit by Kyle Quincey and loses puck.
10:04 of 2nd period - Philip Larsen is hit by Kyle Turris and loses puck.
11:29 of 2nd period - Snap shot by Ville Leino.
11:29 of 2nd period - Stopped by Keith Kinkaid without a rebound.
11:30 of 2nd period - Steven Reinprecht wins face-off versus Cédric Lalonde-McNicoll in National zone.
11:47 of 2nd period - Vojtech Polak is hit by Mikael Backlund and loses puck.
11:56 of 2nd period - Snap shot by Mikael Backlund.
11:56 of 2nd period - Shot Misses the Net.
12:16 of 2nd period - Backhand shot by Derek Dorsett.
12:16 of 2nd period - Goal by Derek Dorsett - Sewer Rats : 2 - National : 3.
12:17 of 2nd period - Steven Reinprecht wins face-off versus Mikael Backlund in neutral zone.
12:22 of 2nd period - Mikael Backlund is hit by Steven Reinprecht.
12:42 of 2nd period - Cédric Lalonde-McNicoll is hit by Tim Ramholt and loses puck.
12:49 of 2nd period - Slapshot by Nick Palmieri.
12:49 of 2nd period - Shot Misses the Net.
13:28 of 2nd period - Steven Reinprecht is hit by Philip Larsen and loses puck.
13:35 of 2nd period - Slapshot by Johannes Salmonsson.
13:35 of 2nd period - Stopped by Jhonas Enroth with a rebound.
13:37 of 2nd period - Snap shot by Pat Dwyer.
13:37 of 2nd period - Stopped by Jhonas Enroth with a rebound.
13:39 of 2nd period - Wrist shot by Pat Dwyer.
13:39 of 2nd period - Stopped by Jhonas Enroth with a rebound.
14:24 of 2nd period - Snap shot by Johannes Salmonsson.
14:24 of 2nd period - Stopped by Jhonas Enroth with a rebound.
14:26 of 2nd period - Slapshot by Philip Larsen.
14:26 of 2nd period - Deflect By David Desharnais.
14:26 of 2nd period - Shot Blocked by John Erskine.
14:26 of 2nd period - Puck is out of play.
14:27 of 2nd period - Brandon Sutter wins face-off versus Mikael Backlund in Sewer Rats zone.
14:48 of 2nd period - Minor Penalty to Dustin Kohn for Goalie Interference.
14:49 of 2nd period - Mikael Backlund wins face-off versus Nick Palmieri in National zone.
14:54 of 2nd period - Backhand shot by Pasi Salonen.
14:54 of 2nd period - Shot Blocked by Brandon Sutter.
15:03 of 2nd period - Slapshot by Tim Ramholt.
15:03 of 2nd period - Goal by Tim Ramholt - Sewer Rats : 3 - National : 3.
15:04 of 2nd period - Mikael Backlund wins face-off versus Steven Reinprecht in neutral zone.
15:30 of 2nd period - Jonathan Cheechoo is hit by Tim Ramholt and loses puck.
16:00 of 2nd period - Snap shot by Chris Mueller.
16:00 of 2nd period - Deflect By Magnus Paajarvi-Svensson.
16:00 of 2nd period - Stopped by Jhonas Enroth with a rebound.
16:02 of 2nd period - Slapshot by Ty Wishart.
16:02 of 2nd period - Shot Misses the Net.
16:04 of 2nd period - Snap shot by Ty Wishart.
16:04 of 2nd period - Deflect By Magnus Paajarvi-Svensson.
16:04 of 2nd period - Shot Misses the Net.
16:04 of 2nd period - Puck is out of play.
16:05 of 2nd period - Steven Reinprecht wins face-off versus Mikael Backlund in Sewer Rats zone.
16:10 of 2nd period - Wrist shot by Guillaume Desbiens.
16:10 of 2nd period - Stopped by Jhonas Enroth with a rebound.
16:14 of 2nd period - Wrist shot by Guillaume Desbiens.
16:14 of 2nd period - Shot Misses the Net.
16:16 of 2nd period - Slapshot by Philip Larsen.
16:16 of 2nd period - Shot Misses the Net.
16:18 of 2nd period - Slapshot by Ty Wishart.
16:18 of 2nd period - Shot Misses the Net.
16:20 of 2nd period - Wrist shot by Mikael Backlund.
16:20 of 2nd period - Goal by Mikael Backlund - Sewer Rats : 3 - National : 4.
16:21 of 2nd period - Brandon Sutter wins face-off versus Mikael Backlund in neutral zone.
16:24 of 2nd period - Slapshot by John-Michael Liles.
16:24 of 2nd period - Shot Blocked by Philip Larsen.
16:30 of 2nd period - Slapshot by William Colbert.
16:30 of 2nd period - Deflect By Brandon Sutter.
16:30 of 2nd period - Stopped by Jhonas Enroth with a rebound.
16:32 of 2nd period - Slapshot by Rico Fata.
16:32 of 2nd period - Shot Misses the Net.
16:46 of 2nd period - Tim Ramholt is hit by William Colbert and loses puck.
17:38 of 2nd period - Slapshot by Johannes Salmonsson.
17:38 of 2nd period - Shot Misses the Net.
17:50 of 2nd period - Vojtech Polak is hit by Philip Larsen and loses puck.
17:55 of 2nd period - Slapshot by Guillaume Desbiens.
17:55 of 2nd period - Stopped by Jhonas Enroth with a rebound.
17:57 of 2nd period - Wrist shot by Ty Wishart.
17:57 of 2nd period - Shot Blocked by John Erskine.
17:59 of 2nd period - Slapshot by Dustin Kohn.
17:59 of 2nd period - Shot Misses the Net.
18:13 of 2nd period - John Erskine is hit by Dustin Kohn and loses puck.
18:14 of 2nd period - John Erskine from Sewer Rats is injured at 18:14 of 2nd period (Broken Left Index Finger).
18:15 of 2nd period - Mikael Backlund wins face-off versus Steven Reinprecht in Sewer Rats zone.
18:45 of 2nd period - Slapshot by Dustin Kohn.
18:45 of 2nd period - Shot Blocked by John-Michael Liles.
18:47 of 2nd period - Wrist shot by Mikael Backlund.
18:47 of 2nd period - Shot Blocked by Tim Ramholt.
18:49 of 2nd period - Slapshot by Dustin Kohn.
18:49 of 2nd period - Shot Blocked by Kyle Turris.
19:05 of 2nd period - Lars Eller is hit by Guillaume Desbiens and loses puck.
19:28 of 2nd period - Snap shot by Guillaume Desbiens.
19:28 of 2nd period - Shot Misses the Net.
19:50 of 2nd period - Wrist shot by Rico Fata.
19:50 of 2nd period - Shot Misses the Net.
19:52 of 2nd period - Slapshot by Philip Larsen.
19:52 of 2nd period - Stopped by Jhonas Enroth without a rebound.
19:53 of 2nd period - Cédric Lalonde-McNicoll wins face-off versus Steven Reinprecht in Sewer Rats zone.
Goals for this period are 3 for Sewer Rats vs 2 for National.
Shots for this period are 7 for Sewer Rats vs 20 for National.
3rd period
0:01 of 3rd period - Cédric Lalonde-McNicoll wins face-off versus Steven Reinprecht in neutral zone.
0:08 of 3rd period - Slapshot by John-Michael Liles.
0:08 of 3rd period - Stopped by Keith Kinkaid with a rebound.
0:46 of 3rd period - Brandon Sutter is hit by Igor Makarov.
0:58 of 3rd period - Snap shot by Vojtech Polak.
0:58 of 3rd period - Stopped by Keith Kinkaid without a rebound.
0:59 of 3rd period - Cédric Lalonde-McNicoll wins face-off versus Steven Reinprecht in National zone.
1:14 of 3rd period - Slapshot by Steven Reinprecht.
1:14 of 3rd period - Stopped by Keith Kinkaid with a rebound.
1:17 of 3rd period - Icing by Dustin Kohn.
1:18 of 3rd period - Cédric Lalonde-McNicoll wins face-off versus Kyle Turris in National zone.
1:31 of 3rd period - Wrist shot by Derek Dorsett.
1:31 of 3rd period - Stopped by Keith Kinkaid without a rebound.
1:32 of 3rd period - Steven Reinprecht wins face-off versus Mikael Backlund in National zone.
1:35 of 3rd period - Wrist shot by Steven Reinprecht.
1:35 of 3rd period - Stopped by Keith Kinkaid with a rebound.
1:37 of 3rd period - Snap shot by Steven Reinprecht.
1:37 of 3rd period - Shot Misses the Net.
1:39 of 3rd period - Slapshot by Mark Mancari.
1:39 of 3rd period - Stopped by Keith Kinkaid with a rebound.
1:41 of 3rd period - Wrist shot by Mark Mancari.
1:41 of 3rd period - Shot Misses the Net.
1:45 of 3rd period - Slapshot by Ville Leino.
1:45 of 3rd period - Stopped by Keith Kinkaid without a rebound.
1:46 of 3rd period - Brandon Sutter wins face-off versus Jonathan Cheechoo in National zone.
1:57 of 3rd period - Wrist shot by Vojtech Polak.
1:57 of 3rd period - Stopped by Keith Kinkaid with a rebound.
2:32 of 3rd period - Snap shot by Mark Mancari.
2:32 of 3rd period - Shot Blocked by Johannes Salmonsson.
2:34 of 3rd period - Wrist shot by Tim Ramholt.
2:34 of 3rd period - Deflect By Kyle Turris.
2:34 of 3rd period - Stopped by Keith Kinkaid without a rebound.
2:35 of 3rd period - Kyle Turris wins face-off versus David Desharnais in National zone.
2:56 of 3rd period - Minor Penalty to William Colbert for Hooking.
2:57 of 3rd period - Mikael Backlund wins face-off versus Steven Reinprecht in National zone.
3:02 of 3rd period - Wrist shot by Ville Leino.
3:02 of 3rd period - Shot Misses the Net.
3:04 of 3rd period - Slapshot by John-Michael Liles.
3:04 of 3rd period - Stopped by Keith Kinkaid with a rebound.
3:06 of 3rd period - Snap shot by Ville Leino.
3:06 of 3rd period - Shot Blocked by Dustin Kohn.
3:08 of 3rd period - Snap shot by Steven Reinprecht.
3:08 of 3rd period - Shot Hit the Post.
3:10 of 3rd period - Snap shot by Mark Mancari.
3:10 of 3rd period - Stopped by Keith Kinkaid without a rebound.
3:11 of 3rd period - Steven Reinprecht wins face-off versus Mikael Backlund in National zone.
3:57 of 3rd period - Slapshot by John-Michael Liles.
3:57 of 3rd period - Goal by John-Michael Liles - Sewer Rats : 4 - National : 4.
3:58 of 3rd period - Steven Reinprecht wins face-off versus Mikael Backlund in neutral zone.
4:11 of 3rd period - Snap shot by Mark Mancari.
4:11 of 3rd period - Shot Misses the Net.
4:13 of 3rd period - Snap shot by Kyle Quincey.
4:13 of 3rd period - Stopped by Keith Kinkaid with a rebound.
4:33 of 3rd period - Minor Penalty to Philip Larsen for Slashing.
4:34 of 3rd period - Steven Reinprecht wins face-off versus Mikael Backlund in National zone.
4:47 of 3rd period - Wrist shot by Ville Leino.
4:47 of 3rd period - Shot Misses the Net.
4:53 of 3rd period - Minor Penalty to Ville Leino for Tripping.
4:54 of 3rd period - Steven Reinprecht wins face-off versus Mikael Backlund in Sewer Rats zone.
5:01 of 3rd period - Slapshot by John-Michael Liles.
5:01 of 3rd period - Stopped by Keith Kinkaid without a rebound.
5:02 of 3rd period - Steven Reinprecht wins face-off versus Mikael Backlund in National zone.
5:03 of 3rd period - Wrist shot by Derek Dorsett.
5:03 of 3rd period - Shot Misses the Net.
5:06 of 3rd period - Icing by Pasi Salonen.
5:07 of 3rd period - Mikael Backlund wins face-off versus Steven Reinprecht in National zone.
5:14 of 3rd period - Slapshot by Mikael Backlund.
5:14 of 3rd period - Stopped by Jhonas Enroth with a rebound.
5:24 of 3rd period - Wrist shot by Pasi Salonen.
5:24 of 3rd period - Goal by Pasi Salonen - Sewer Rats : 4 - National : 5.
5:25 of 3rd period - Steven Reinprecht wins face-off versus Mikael Backlund in neutral zone.
5:50 of 3rd period - Mikael Backlund is hit by Kyle Turris and loses puck.
6:03 of 3rd period - Kyle Turris is hit by Dustin Kohn and loses puck.
6:32 of 3rd period - Snap shot by Steven Reinprecht.
6:32 of 3rd period - Stopped by Keith Kinkaid with a rebound.
6:33 of 3rd period - Penalty to Philip Larsen is over, Philip Larsen is back on ice.
6:34 of 3rd period - Snap shot by Kyle Turris.
6:34 of 3rd period - Deflect By Steven Reinprecht.
6:34 of 3rd period - Stopped by Keith Kinkaid without a rebound.
6:35 of 3rd period - Johannes Salmonsson wins face-off versus Patrick Bordeleau in National zone.
6:53 of 3rd period - Penalty to Ville Leino is over, Ville Leino is back on ice.
7:11 of 3rd period - Minor Penalty to Jonathan Paiement for Hooking.
7:12 of 3rd period - Steven Reinprecht wins face-off versus Mikael Backlund in Sewer Rats zone.
9:11 of 3rd period - Penalty to Jonathan Paiement is over, Jonathan Paiement is back on ice.
9:19 of 3rd period - Slapshot by Igor Makarov.
9:19 of 3rd period - Stopped by Jhonas Enroth with a rebound.
9:21 of 3rd period - Wrist shot by Chris Mueller.
9:21 of 3rd period - Goal by Chris Mueller - Sewer Rats : 4 - National : 6.
9:21 of 3rd period - Semyon Varlamov enters game.
9:22 of 3rd period - Nick Palmieri wins face-off versus Mikael Backlund in neutral zone.
9:33 of 3rd period - Snap shot by Guillaume Desbiens.
9:33 of 3rd period - Shot Misses the Net.
9:35 of 3rd period - Slapshot by Philip Larsen.
9:35 of 3rd period - Stopped by Semyon Varlamov with a rebound.
9:53 of 3rd period - Wrist shot by David Desharnais.
9:53 of 3rd period - Stopped by Semyon Varlamov with a rebound.
9:55 of 3rd period - Slapshot by David Desharnais.
9:55 of 3rd period - Stopped by Semyon Varlamov with a rebound.
9:57 of 3rd period - Slapshot by Philip Larsen.
9:57 of 3rd period - Deflect By David Desharnais.
9:57 of 3rd period - Goal by David Desharnais - Sewer Rats : 4 - National : 7.
9:58 of 3rd period - Steven Reinprecht wins face-off versus Mikael Backlund in neutral zone.
10:00 of 3rd period - Off-side.
10:01 of 3rd period - Steven Reinprecht wins face-off versus Mikael Backlund in neutral zone.
11:09 of 3rd period - Kyle Quincey is hit by Dustin Kohn and loses puck.
11:29 of 3rd period - Minor Penalty to Steven Reinprecht for Hooking.
11:30 of 3rd period - Mikael Backlund wins face-off versus Patrick Bordeleau in Sewer Rats zone.
11:35 of 3rd period - Wrist shot by Guillaume Desbiens.
11:35 of 3rd period - Stopped by Semyon Varlamov without a rebound.
11:36 of 3rd period - Mikael Backlund wins face-off versus Patrick Bordeleau in Sewer Rats zone.
11:45 of 3rd period - Snap shot by Rico Fata.
11:45 of 3rd period - Stopped by Semyon Varlamov without a rebound.
11:46 of 3rd period - Mikael Backlund wins face-off versus Patrick Bordeleau in Sewer Rats zone.
12:07 of 3rd period - John-Michael Liles is hit by Guillaume Desbiens and loses puck.
12:53 of 3rd period - Kyle Quincey is hit by Cédric Lalonde-McNicoll and loses puck.
13:29 of 3rd period - Penalty to Steven Reinprecht is over, Steven Reinprecht is back on ice.
13:43 of 3rd period - Icing by Steven Kampfer.
13:44 of 3rd period - Steven Reinprecht wins face-off versus Chris Mueller in Sewer Rats zone.
13:44 of 3rd period - Steven Reinprecht is hit by William Colbert.
13:59 of 3rd period - Jonathan Paiement is hit by Igor Makarov and loses puck.
14:25 of 3rd period - Jonathan Cheechoo is hit by Kyle Quincey and loses puck.
14:38 of 3rd period - Snap shot by Steven Reinprecht.
14:38 of 3rd period - Stopped by Keith Kinkaid with a rebound.
14:44 of 3rd period - Dustin Kohn is hit by Tim Ramholt and loses puck.
14:56 of 3rd period - Steven Kampfer is hit by Pasi Salonen and loses puck.
15:25 of 3rd period - Jonathan Cheechoo is hit by Tim Ramholt and loses puck.
15:34 of 3rd period - Slapshot by Steven Reinprecht.
15:34 of 3rd period - Goal by Steven Reinprecht - Sewer Rats : 5 - National : 7.
15:35 of 3rd period - Brandon Sutter wins face-off versus David Desharnais in neutral zone.
15:53 of 3rd period - Icing by Vojtech Polak.
15:54 of 3rd period - Mikael Backlund wins face-off versus Brandon Sutter in Sewer Rats zone.
15:59 of 3rd period - Snap shot by Mikael Backlund.
15:59 of 3rd period - Stopped by Semyon Varlamov with a rebound.
16:01 of 3rd period - Slapshot by Dustin Kohn.
16:01 of 3rd period - Stopped by Semyon Varlamov without a rebound.
16:02 of 3rd period - Brandon Sutter wins face-off versus Mikael Backlund in Sewer Rats zone.
16:06 of 3rd period - Off-side.
16:07 of 3rd period - David Desharnais wins face-off versus Brandon Sutter in neutral zone.
16:12 of 3rd period - Wrist shot by David Desharnais.
16:12 of 3rd period - Deflect By Brandon Sutter.
16:12 of 3rd period - Stopped by Semyon Varlamov with a rebound.
16:25 of 3rd period - Minor Penalty to Pat Dwyer for High sticking.
16:26 of 3rd period - Mikael Backlund wins face-off versus Nick Palmieri in National zone.
17:25 of 3rd period - Pasi Salonen is hit by Mark Mancari and loses puck.
18:08 of 3rd period - Mark Mancari is hit by Ty Wishart and loses puck.
18:25 of 3rd period - Penalty to Pat Dwyer is over, Pat Dwyer is back on ice.
18:35 of 3rd period - Slapshot by Lars Eller.
18:35 of 3rd period - Goal by Lars Eller - Sewer Rats : 6 - National : 7.
18:36 of 3rd period - David Desharnais wins face-off versus Kyle Turris in neutral zone.
18:43 of 3rd period - Slapshot by David Desharnais.
18:43 of 3rd period - Shot Misses the Net.
18:45 of 3rd period - Wrist shot by Pat Dwyer.
18:45 of 3rd period - Shot Misses the Net.
18:47 of 3rd period - Wrist shot by Pat Dwyer.
18:47 of 3rd period - Shot Misses the Net.
19:03 of 3rd period - Dustin Kohn is hit by Steven Reinprecht and loses puck.
19:06 of 3rd period - Sewer Rats, Semyon Varlamov is pulled from the net.
19:12 of 3rd period - Snap shot by William Colbert.
19:12 of 3rd period - Deflect By Rico Fata.
19:12 of 3rd period - Shot Misses the Net.
19:12 of 3rd period - Puck is out of play.
19:13 of 3rd period - Brent Sutter call a timeout for Sewer Rats.
19:13 of 3rd period - Semyon Varlamov from Sewer Rats was sent back in the game.
19:13 of 3rd period - Steven Reinprecht wins face-off versus Mikael Backlund in Sewer Rats zone.
19:18 of 3rd period - Sewer Rats, Semyon Varlamov is pulled from the net.
19:21 of 3rd period - Icing by Mikael Backlund.
19:22 of 3rd period - Steven Reinprecht wins face-off versus Mikael Backlund in National zone.
19:47 of 3rd period - Snap shot by Mikael Backlund.
19:47 of 3rd period - Shot Misses the Net.
19:49 of 3rd period - Slapshot by Mikael Backlund.
19:49 of 3rd period - Deflect By Rico Fata.
19:49 of 3rd period - Shot Misses the Net.
19:49 of 3rd period - Puck is out of play.
19:50 of 3rd period - Semyon Varlamov from Sewer Rats was sent back in the game.
19:50 of 3rd period - Rico Fata wins face-off versus Steven Reinprecht in Sewer Rats zone.
Goals for this period are 3 for Sewer Rats vs 3 for National.
Shots for this period are 19 for Sewer Rats vs 13 for National.
Output by the SimonT Hockey Simulator (STHS) for François Prévost -- Original Page W3C XHTML 1.0 Valid